 Dungeon Crawl Stone Soup version 0.30-a0-269-gf0224bf7b6 (webtiles) character file.

Game seed: 16240023814234511945

888 tilp the Grave Robber (level 7, -5/52 HPs)
             Began as a Mummy Necromancer on Oct 14, 2022.
             Slain by Menkaure (10 damage)
             ... on level 5 of the Dungeon.
             The game lasted 00:08:55 (5473 turns).

tilp the Grave Robber (Mummy Necromancer)           Turns: 5473, Time: 00:08:55

Health: -5/52      AC:  9    Str: 11    XL:     7   Next: 77%
Magic:  13/13      EV: 12    Int: 16    God:
Gold:   202        SH:  0    Dex: 13    Spells: 7/15 levels left

rFire   x . .      SeeInvis +    a - +1 dagger (elec)
rCold   + . .      Faith    +    (no shield)
rNeg    + + +      Spirit   .    n - +0 steam dragon scales
rPois   ∞          Reflect  .    (no helmet)
rElec   .          Harm     .    q - +0 cloak
rCorr   .          Rampage  .    p - +2 pair of gloves
Will    +....                    (no boots)
Stlth   ++........               (no amulet)
HPRegen 0.28/turn                e - ring of see invisible
MPRegen 0.13/turn                k - ring of willpower

@: no status effects
A: cold resistance 1, negative energy resistance 3, torment resistance 2, heat
vulnerability 1, in touch with death 1, no potions, faith
a: no special abilities


You were on level 5 of the Dungeon.
You visited 1 branch of the dungeon, and saw 5 of its levels.

You collected 202 gold pieces.

Inventory:

Hand Weapons
 a - a +1 dagger of electrocution (weapon)
 b - a +2 quarterstaff of chaos
Missiles
 h - 8 poisoned darts (quivered)
 l - a throwing net
Armour
 j - a +0 buckler
 n - +0 steam dragon scales (worn)
 p - a +2 pair of gloves (worn)
 q - a +0 cloak (worn)
Jewellery
 d - an amulet of guardian spirit
 e - a ring of see invisible (left hand)
 k - a ring of willpower (right hand)
Scrolls
 c - a scroll of enchant weapon
 f - a scroll of silence
 g - a scroll of torment {unknown}
 i - 2 scrolls of immolation {unknown}
 m - 2 scrolls of summoning {unknown}
 o - a scroll of magic mapping {unknown}
 r - a scroll of blinking {unknown}


   Skills:
 + Level 3.3 Fighting
 - Level 3.0 Dodging
 + Level 3.1 Stealth
 + Level 4.5 Spellcasting
 * Level 7.3 Necromancy


You had 7 spell levels left.
You knew the following spells:

 Your Spells              Type           Power      Damage    Failure   Level
a - Necrotise             Necr           100%       1d9       1%          1
b - Vampiric Draining     Necr           40%        2d8       2%          3
c - Animate Dead          Necr           40%        N/A       8%          4

Your spell library contained the following spells:

 Spells                   Type           Power      Damage    Failure   Level
 Apportation              Tloc           6%         N/A       16%         1
 Magic Dart               Conj           12%        1d3       16%         1
 Summon Small Mammal      Summ           12%        N/A       16%         1
 Agony                    Necr           40%        N/A       22%         5
 Searing Ray              Conj           6%         2d4       24%         2
 Portal Projectile        Hex/Tloc       6%         N/A       43%         3
 Tukima's Dance           Hex            3%         N/A       43%         3
 Fulminant Prism          Conj/Hex       1%         3d6       85%         4
 Irradiate                Conj/Tmut      1%         3d12      99%         5
 Blade Hands              Tmut           Unusable   N/A       N/A         5
 Dragon Form              Tmut           Unusable   N/A       N/A         7

Dungeon Overview and Level Annotations

Branches:
Dungeon (5/15)
 Temple: D:4-7

Altars:
Dithmenos
Hepliaklqana
Okawaru
Wu Jian
Xom

Annotations:
D:5 Menkaure


Innate Abilities, Weirdness & Mutations

You are immune to poison.
Your flesh is cold resistant. (rC+)
You are immune to negative energy. (rN+++)
You are immune to unholy pain and torment.
You are vulnerable to heat. (rF-)
You are in touch with the powers of death.
You do not drink.
You have a special connection with the divine. (Faith)


Message History

Menkaure is heavily damaged.
Menkaure hits you!
Unknown command.
You are too injured to fight recklessly!
You are too injured to fight recklessly!
You hit Menkaure.
Menkaure is severely damaged.
Menkaure hits you!
* * * LOW HITPOINT WARNING * * *
You hit Menkaure.
Menkaure is severely damaged.
Menkaure hits you.
* * * LOW HITPOINT WARNING * * *
You hit Menkaure.
Menkaure is severely damaged.
Menkaure hits you but does no damage. x2
Unknown command.
You hit Menkaure.
Menkaure is severely damaged.
Menkaure barely misses you.
Unknown command.
You hit Menkaure. Your punch misses Menkaure.
Menkaure is severely damaged.
Menkaure barely misses you.
Unknown command.
You aren't carrying any items that you can evoke.
You hit Menkaure.
Menkaure is almost destroyed.
Menkaure hits you.
* * * LOW HITPOINT WARNING * * *
You barely miss Menkaure.
Menkaure is almost destroyed.
Menkaure barely misses you.
You barely miss Menkaure.
Menkaure is almost destroyed.
Menkaure misses you. x2
You hit Menkaure.
Menkaure is almost destroyed.
Menkaure hits you!
You die...

#.###.# ###
#....#.....
##.#.## #.
#..........
#.#.# #.#
#...##.....
##.#.## #.#
######.....
#.###.#
#.######
#.....
##.#.##
####......#
#..... #.#.#
#.........#
#.....
##.#.##
#..#..M...#
#.....
#.###.#
#....@....#
######
##.#.##
#....######
#.#.# #..#.#
. ##.#.## #.
#.## #..
#.###.# #
#..###....
##.#.##
####........
#.#.#
#...........
##.#.##
#...........
#.###.#
#..........#


You could see Menkaure (fast).

Vanquished Creatures
  A steam dragon (D:4)
  A black bear (D:5)
  2 ogres
  A scorpion (D:5)
  A bullfrog (D:4)
  A howler monkey (D:5)
  A jelly (D:4)
  Crazy Yiuf (D:4)
  A hound (D:4)
  An iguana (D:5)
  2 orc wizards (D:3)
  7 adders
  A shadow imp (D:4)
  An ufetubus (D:4)
  A worm (D:3)
  5 dart slugs
  4 orcs
  7 endoplasms
  7 giant cockroaches
  8 hobgoblins
  10 jackals
  2 quokkas
  4 ball pythons
  5 bats
  4 frilled lizards
  8 goblins
  3 kobolds
  9 rats
99 creatures vanquished.

Vanquished Creatures (collateral kills)
  An endoplasm (D:4)
  A jackal (D:1)
2 creatures vanquished.

Grand Total: 101 creatures vanquished

Notes
Turn   | Place    | Note
-------+----------+-------------------------------------------
     0 | D:1      | tilp the Mummy Necromancer began the quest for the Orb.
     0 | D:1      | Reached XP level 1. HP: 13/13 MP: 4/4
   349 | D:1      | Reached XP level 2. HP: 20/20 MP: 2/5
   769 | D:1      | Reached skill level 1 in Fighting
  1169 | D:2      | Gained mutation: You are in touch with the powers of death.
                  | [Mummy growth]
  1169 | D:2      | Reached XP level 3. HP: 26/26 MP: 5/7
  2168 | D:2      | Learned a level 3 spell: Vampiric Draining
  2258 | D:3      | Reached XP level 4. HP: 33/33 MP: 2/8
  2484 | D:3      | Found an iron altar of Okawaru.
  2719 | D:3      | Reached skill level 5 in Necromancy
  2726 | D:3      | Reached XP level 5. HP: 12/38 MP: 0/9
  3263 | D:3      | Found a faded altar of an unknown god.
  3818 | D:4      | Found a shadowy altar of Dithmenos.
  3840 | D:4      | Reached skill level 6 in Necromancy
  3926 | D:4      | Found a runed translucent door.
  3927 | D:4      | Noticed Crazy Yiuf
  3966 | D:4      | Noticed an ogre
  3981 | D:4      | Killed an ogre
  3982 | D:4      | Reached XP level 6. HP: 34/45 MP: 3/11
  4102 | D:4      | Noticed a steam dragon
  4306 | D:4      | Found an ornate altar of the Wu Jian Council.
  4320 | D:4      | Killed a steam dragon
  4321 | D:4      | Reached XP level 7. HP: 39/51 MP: 2/12
  4517 | D:4      | Found a shimmering altar of Xom.
  4621 | D:4      | Found a hazy altar of Hepliaklqana.
  4786 | D:4      | Killed Crazy Yiuf
  4837 | D:4      | Learned a level 4 spell: Animate Dead
  4873 | D:5      | Entered Level 5 of the Dungeon
  5024 | D:5      | Reached skill level 7 in Necromancy
  5454 | D:5      | Noticed Menkaure
  5473 | D:5      | Slain by Menkaure

Illustrated notes

Levels and vault maps discovered:
D:1:      nzn_arrival_water_spiral, layout_loops_ring
D:2:      layout_basic, minmay_quantized
D:3:      layout_basic, mainiacjoe_overflow_small_starburst,
          hellmonk_ecumenical_altar_run_dry
D:4:      layout_cave_pools, lemuel_crystal_altar, lemuel_tele_altar,
          old_standard_altar, minmay_ruined_shrine, uniq_crazy_yiuf_cottage
D:5:      layout_basic, lemuel_coloured_pillars_altar, roderic_roman_lattice,
          uniq_menkaure

Skill      XL: |  1  2  3  4  5  6  7 |
---------------+----------------------+-----
Fighting       | 1 2 3 |  3.3
Dodging        | 2 3 |  3.0
Spellcasting   | 3 4 |  4.5
Stealth        | 2 3 |  3.1
Necromancy     | 5 6 7 |  7.3

Action                   |  1- 3 |  4- 6 |  7- 9 || total
-------------------------+-------+-------+-------++-------
Melee: Unarmed           |    16 |       |       ||    16
       Long sword        |     7 |     8 |       ||    15
       Punch             |       |     1 |       ||     1
       Dagger            |       |    50 |    48 ||    98
Throw: Dart              |       |     6 |       ||     6
 Cast: Necrotise         |    68 |    70 |    15 ||   153
       Vampiric Draining |       |     6 |    11 ||    17
  Use: Scroll            |     5 |     1 |     2 ||     8
 Stab: Sleeping          |     1 |       |     3 ||     4
Armor: Robe              |    10 |    20 |       ||    30
       Steam dragon scal |       |       |    23 ||    23
Dodge: Dodged            |    24 |    68 |    29 ||   121

Table legend: (Time is in decaauts)
 A = Elapsed time spent in this place.
 B = Non-inter-level travel time spent in this place.
 C = Inter-level travel time spent in this place.
 D = Time resting spent in this place.
 E = Time spent auto-exploring this place.
 F = Levels seen in this place.
 G = Mean time per level.
                   A        B        C        D        E       F      G
               +--------+--------+--------+--------+--------+-----+--------+
         Total |   5482 |   5195 |    287 |     95 |   4344 |   5 | 1096.4 |
       Dungeon |   5482 |   5195 |    287 |     95 |   4344 |   5 | 1096.4 |
               +--------+--------+--------+--------+--------+-----+--------+

Top non-repeatable levels by time:
     D:3: 1436 daAuts
     D:2: 1249 daAuts
     D:4: 1124 daAuts
     D:1: 1072 daAuts
     D:5: 599 daAuts
